 Dungeon Crawl Stone Soup version 0.23-a0-681-g26ad783 (webtiles) character file.

85 Blackhawk the Ruffian (level 4, -3/44 HPs)
             Began as a Troll Fighter on Jan 10, 2019.
             Killed from afar by Sigmund (7 damage)
             ... with a puff of flame
             ... on level 2 of the Dungeon.
             The game lasted 00:02:32 (1112 turns).

Blackhawk the Ruffian (Troll Fighter)               Turns: 1112, Time: 00:02:32

Health: -3/44      AC:  5    Str: 25    XL:     4   Next: 25%
Magic:  3/3        EV:  8    Int:  4    God:
Gold:   69         SH:  0    Dex:  9    Spells: 3/3 levels left

rFire    . . .     SeeInvis .     - Unarmed
rCold    . . .     Gourm    +   b - +0 shield
rNeg     . . .     Faith    .   a - +0 robe
rPois    .         Spirit   .   (helmet restricted)
rElec    .         Reflect  .   (no cloak)
rCorr    .         Harm     .   (gloves unavailable)
MR       .....                  (boots unavailable)
Stlth    +.........             (no amulet)
HPRegen  0.54/turn              (no ring)
MPRegen  0.08/turn              (no ring)

@: confused
A: large, unfitting armour, claws 3, fast metabolism 3, gourmand, regeneration
1, shaggy fur 1, tough skin 2
a: no special abilities


You were on level 2 of the Dungeon.
You were completely stuffed.

You visited 1 branch of the dungeon, and saw 2 of its levels.

You collected 69 gold pieces.

Inventory:

Hand Weapons
 f - a +0 short sword of venom
Armour
 a - a +0 robe (worn)
 b - a +0 shield (worn)
 j - a +0 pair of boots
Jewellery
 g - an uncursed ring of poison resistance {unknown}
 o - an uncursed ring of magical power {unknown}
Scrolls
 h - a scroll of random uselessness {unknown}
 i - a scroll of identify {unknown}
 k - a scroll of immolation {unknown}
 n - 2 scrolls of remove curse {unknown}
 p - a scroll of blinking {unknown}
Potions
 c - a potion of might
 e - a potion of invisibility {unknown}
 l - a potion of heal wounds {unknown}
 q - a potion of lignification {unknown}
 r - 2 potions of haste {unknown}
 s - a potion of degeneration {unknown}
Comestibles
 d - 7 rations


   Skills:
 + Level 2.8 Fighting
 - Level 2.4 Dodging
 - Level 2.4 Shields
 + Level 4.2 Unarmed Combat


You had 3 spell levels left.
You didn't know any spells.
Your spell library was empty.

Dungeon Overview and Level Annotations

Branches:
Dungeon (2/15)

Altars:

Annotations:
D:2 Sigmund


Innate Abilities, Weirdness & Mutations

You are too large for most types of armour.
You have claws for hands.
Your metabolism is lightning-fast.
You like to eat raw meat.
Your natural rate of healing is unusually fast.
You are covered in fur. (AC +1)
You have very tough skin. (AC +2)


Message History

You hear some strange, mumbled words.
You are more confused.
A dart slug comes into view.
You completely miss something. Something hits you!
The dart slug launches a dart at you. The slug dart hits you!
You bump into the rock wall.
You barely miss something. Something hits you.
You bump into the rock wall.
Something hits you.
* * * LOW HITPOINT WARNING * * *
Something hits you!
* * * LOW HITPOINT WARNING * * *
You're too confused to move!
You hear a zap.
Something tries to affect you, but you resist.
You barely miss something.
You hear some strange, mumbled words.
A puff of flame appears from out of thin air!
The puff of flame hits you!
You die...

#.# #.# #.....# .. #.#
#.....# .[. #.#
##...[.###...
####.#......#............
...#.#......#......w.....
##.#.#......#.........!..
#.#.#......#............
#.#.#......#..{@.....#
#.#.#......#.........#
#.#.#>.....#####....##
#.#........# #....#
#.#........# #....#
#.#....#########....#######
#.#....#..................#
#.#.####..................#
#.#.#..+..................#


You could see a dart slug.

Vanquished Creatures
  Natasha (D:2)
  Robin (D:2)
  A worm (D:2)
  2 giant cockroaches
  15 goblins (D:1)
  3 hobgoblins
  6 jackals (D:1)
  6 kobolds (D:1)
  4 bats (D:1)
  2 rats (D:1)
41 creatures vanquished.

Notes
Turn   | Place    | Note
-------+----------+-------------------------------------------
     0 | D:1      | Blackhawk the Troll Fighter began the quest for the Orb.
     0 | D:1      | Reached XP level 1. HP: 22/22 MP: 0/0
   181 | D:1      | Reached XP level 2. HP: 29/29 MP: 1/1
   240 | D:1      | Reached skill level 3 in Unarmed Combat
   504 | D:1      | Reached XP level 3. HP: 36/36 MP: 2/2
   629 | D:2      | Noticed Robin
   736 | D:2      | Killed Robin
   736 | D:2      | Reached skill level 4 in Unarmed Combat
   841 | D:2      | Noticed Natasha
   847 | D:2      | Killed Natasha
   847 | D:2      | Reached XP level 4. HP: 43/44 MP: 3/3
  1092 | D:2      | Noticed Sigmund
  1112 | D:2      | Killed from afar by Sigmund

Vault maps used:
D:1:      shiori_arrival_elements
D:2:      minmay_door_path, first_ration, uniq_jessica, uniq_natasha,
          uniq_sigmund, uniq_robin

Skill      XL: |  1  2  3 |
---------------+----------+-----
Unarmed Combat | 3 4 |  4.2
Fighting       | |  2.8
Dodging        | |  2.4
Shields        | |  2.4

Action                   |  1- 3 |  4- 6 || total
-------------------------+-------+-------++-------
Melee: Unarmed           |   127 |    13 ||   140
  Eat: Chunk             |    13 |     3 ||    16
Armor: Robe              |    64 |       ||    64
Dodge: Dodged            |    45 |       ||    45
Block: Shield            |    99 |     1 ||   100

Table legend:
 A = Non-vault XP
 B = Vault XP
 C = Vault XP percentage of total XP
 D = Non-vault monster count
 E = Vault monster count
 F = Vault count percentage of total count
                 A         B        C        D         E       F
            +---------+---------+-------+---------+---------+-------
      Total |      48 |      74 |  60.7 |      27 |      14 |  34.1
            +---------+---------+-------+---------+---------+-------
        D:1 |      41 |      21 |  33.9 |      25 |      11 |  30.6
        D:2 |       7 |      53 |  88.3 |       2 |       3 |  60.0
            +---------+---------+-------+---------+---------+-------
